% Time on Ice - LAS VEGAS LIZARD KINGS
Lines # - Real PCT - Wanted PCT - Time Play
Normal Forward
1 - 44% - 45% - 20:33
2 - 24% - 25% - 11:32
3 - 25% - 25% - 11:44
4 - 7% - 5% - 3:25
Normal Defense
1 - 38% - 43% - 17:52
2 - 37% - 42% - 17:25
3 - 22% - 15% - 10:30
4 - 3% - 0% - 1:27
PP Forward
1 - 52% - 75% - 4:09
2 - 48% - 25% - 3:47
PP Defense
1 - 55% - 65% - 4:22
2 - 45% - 35% - 3:34
PK Forward
1 - 81% - 65% - 3:56
2 - 19% - 35% - 0:54
PK Defense
1 - 68% - 70% - 3:16
2 - 32% - 30% - 1:34
PK3 Forward
1 - 0% - 55%
2 - 0% - 45%
PK3 Defense
1 - 0% - 55%
2 - 0% - 45%
44 Forward
1 - 0% - 60%
2 - 0% - 40%
44 Defense
1 - 0% - 55%
2 - 0% - 45%
Last Minute Offensive  - 0:00
Last Minute Defensive  - 0:00
Total
Forward - 60:00
Defense - 60:00
% Time on Ice - PORTLAND PIRATES
Lines # - Real PCT - Wanted PCT - Time Play
Normal Forward
1 - 31% - 32% - 14:41
2 - 31% - 31% - 14:46
3 - 29% - 30% - 13:49
4 - 8% - 7% - 3:58
Normal Defense
1 - 34% - 33% - 16:00
2 - 35% - 33% - 16:30
3 - 28% - 28% - 13:16
4 - 3% - 6% - 1:28
PP Forward
1 - 64% - 60% - 3:05
2 - 36% - 40% - 1:45
PP Defense
1 - 67% - 60% - 3:14
2 - 33% - 40% - 1:36
PK Forward
1 - 71% - 60% - 5:38
2 - 29% - 40% - 2:18
PK Defense
1 - 46% - 60% - 3:39
2 - 54% - 40% - 4:17
PK3 Forward
1 - 0% - 60%
2 - 0% - 40%
PK3 Defense
1 - 0% - 60%
2 - 0% - 40%
44 Forward
1 - 0% - 60%
2 - 0% - 40%
44 Defense
1 - 0% - 60%
2 - 0% - 40%
Last Minute Offensive  - 0:00
Last Minute Defensive  - 0:00
Total
Forward - 60:00
Defense - 60:00
Play-by-Play 1st period 0:01 of 1st period - Travis Konecny wins face-off versus Victor Olofsson in neutral zone. 0:11 of 1st period - Icing by Rasmus Ristolainen. 0:12 of 1st period - Travis Konecny wins face-off versus Sean Monahan in PORTLAND PIRATES zone. 0:45 of 1st period - Shot by Gabriel Landeskog. 0:45 of 1st period - Shot Misses the Net. 1:08 of 1st period - Travis Hamonic is hit by Jeff Skinner and loses puck. 1:19 of 1st period - Shot by Brent Burns. 1:19 of 1st period - Stopped by Ben Bishop without a rebound. 1:20 of 1st period - Derek Ryan wins face-off versus Yanni Gourde in PORTLAND PIRATES zone. 1:21 of 1st period - Shot by Barclay Goodrow. 1:21 of 1st period - Stopped by Ben Bishop with a rebound. 1:41 of 1st period - Shot by Chandler Stephenson. 1:41 of 1st period - Deflect By Yanni Gourde. 1:41 of 1st period - Stopped by Alex Stalock with a rebound. 1:43 of 1st period - Shot by Yanni Gourde. 1:43 of 1st period - Deflect By Brett Connolly. 1:43 of 1st period - Goal by Brett Connolly - LAS VEGAS LIZARD KINGS : 0 - PORTLAND PIRATES : 1. 1:44 of 1st period - Ryan Nugent-Hopkins wins face-off versus Pavel Zacha in neutral zone. 1:49 of 1st period - Shot by Ryan Nugent-Hopkins. 1:49 of 1st period - Shot Misses the Net. 1:59 of 1st period - Shot by Pavel Zacha. 1:59 of 1st period - Stopped by Alex Stalock with a rebound. 2:01 of 1st period - Shot by Travis Hamonic. 2:01 of 1st period - Shot Misses the Net. 2:03 of 1st period - Shot by Alec Martinez. 2:03 of 1st period - Deflect By Pavel Zacha. 2:03 of 1st period - Shot Blocked by Ryan Nugent-Hopkins. 2:06 of 1st period - Rickard Rakell is hit by Mirco Mueller and loses puck. 2:09 of 1st period - Shot by Pavel Zacha. 2:09 of 1st period - Stopped by Alex Stalock without a rebound. 2:10 of 1st period - Derek Ryan wins face-off versus Yanni Gourde in LAS VEGAS LIZARD KINGS zone. 2:26 of 1st period - Shot by Derek Ryan. 2:26 of 1st period - Stopped by Ben Bishop without a rebound. 2:27 of 1st period - Ryan Nugent-Hopkins wins face-off versus Adam Erne in PORTLAND PIRATES zone. 2:30 of 1st period - Shot by Victor Olofsson. 2:30 of 1st period - Shot Misses the Net. 2:32 of 1st period - Shot by Ryan Nugent-Hopkins. 2:32 of 1st period - Shot Misses the Net. 2:34 of 1st period - Shot by Ryan Nugent-Hopkins. 2:34 of 1st period - Shot Blocked by Alec Martinez. 3:03 of 1st period - Icing by Alec Martinez. 3:04 of 1st period - Jason Dickinson wins face-off versus Evan Rodrigues in PORTLAND PIRATES zone. 3:55 of 1st period - Shot by Thomas Chabot. 3:55 of 1st period - Stopped by Alex Stalock without a rebound. 3:56 of 1st period - Yanni Gourde wins face-off versus Ryan Nugent-Hopkins in LAS VEGAS LIZARD KINGS zone. 4:23 of 1st period - Shot by Chandler Stephenson. 4:23 of 1st period - Stopped by Alex Stalock without a rebound. 4:24 of 1st period - Pavel Zacha wins face-off versus Derek Ryan in LAS VEGAS LIZARD KINGS zone. 4:25 of 1st period - Shot by Rickard Rakell. 4:25 of 1st period - Deflect By Robert Thomas. 4:25 of 1st period - Shot Blocked by Barclay Goodrow. 4:27 of 1st period - Shot by Robert Thomas. 4:27 of 1st period - Stopped by Alex Stalock with a rebound. 4:29 of 1st period - Shot by Rickard Rakell. 4:29 of 1st period - Stopped by Alex Stalock without a rebound. 4:30 of 1st period - Jonathan Toews wins face-off versus Derek Ryan in LAS VEGAS LIZARD KINGS zone. 4:42 of 1st period - Gabriel Landeskog is hit by Bobby Ryan and loses puck. 5:05 of 1st period - Matt Niskanen is hit by Gabriel Landeskog and loses puck. 5:33 of 1st period - Off-side. 5:34 of 1st period - Yanni Gourde wins face-off versus Ryan Nugent-Hopkins in neutral zone. 5:51 of 1st period - Shot by Victor Olofsson. 5:51 of 1st period - Stopped by Ben Bishop without a rebound. 5:52 of 1st period - Robert Thomas wins face-off versus Sean Monahan in PORTLAND PIRATES zone. 5:52 of 1st period - Robert Thomas is hit by Nino Niederreiter. 6:17 of 1st period - Off-side. 6:18 of 1st period - Ryan Nugent-Hopkins wins face-off versus Yanni Gourde in neutral zone. 6:18 of 1st period - Ryan Nugent-Hopkins is hit by Yanni Gourde. 6:25 of 1st period - Thomas Chabot is hit by Brayden McNabb and loses puck. 6:28 of 1st period - Shot by Yanni Gourde. 6:28 of 1st period - Shot Misses the Net. 6:36 of 1st period - Shot by Brett Connolly. 6:36 of 1st period - Stopped by Alex Stalock without a rebound. 6:37 of 1st period - Sean Monahan wins face-off versus Pavel Zacha in LAS VEGAS LIZARD KINGS zone. 7:22 of 1st period - Shot by Rickard Rakell. 7:22 of 1st period - Stopped by Alex Stalock with a rebound. 7:44 of 1st period - Shot by Brett Connolly. 7:44 of 1st period - Shot Blocked by Matt Niskanen. 8:05 of 1st period - Shot by Yanni Gourde. 8:05 of 1st period - Shot Misses the Net. 8:07 of 1st period - Shot by Chandler Stephenson. 8:07 of 1st period - Deflect By Yanni Gourde. 8:07 of 1st period - Shot Misses the Net. 8:42 of 1st period - Shot by Gabriel Landeskog. 8:42 of 1st period - Stopped by Alex Stalock without a rebound. 8:43 of 1st period - Derek Ryan wins face-off versus Ryan Donato in LAS VEGAS LIZARD KINGS zone. 8:43 of 1st period - Derek Ryan is hit by Adam Erne. 8:53 of 1st period - Shot by Bobby Ryan. 8:53 of 1st period - Shot Misses the Net. 9:03 of 1st period - Shot by Derek Ryan. 9:03 of 1st period - Goal by Derek Ryan - LAS VEGAS LIZARD KINGS : 1 - PORTLAND PIRATES : 1. 9:04 of 1st period - Jonathan Toews wins face-off versus Ryan Nugent-Hopkins in neutral zone. 10:06 of 1st period - Icing by Robert Thomas. 10:07 of 1st period - Derek Ryan wins face-off versus Pavel Zacha in PORTLAND PIRATES zone. 10:10 of 1st period - Shot by Derek Ryan. 10:10 of 1st period - Stopped by Ben Bishop without a rebound. 10:11 of 1st period - Yanni Gourde wins face-off versus Derek Ryan in PORTLAND PIRATES zone. 10:30 of 1st period - Icing by Matt Roy. 10:31 of 1st period - Derek Ryan wins face-off versus Pavel Zacha in LAS VEGAS LIZARD KINGS zone. 10:44 of 1st period - Shot by Bobby Ryan. 10:44 of 1st period - Stopped by Ben Bishop with a rebound. 10:46 of 1st period - Shot by Barclay Goodrow. 10:46 of 1st period - Shot Misses the Net. 10:48 of 1st period - Shot by Barclay Goodrow. 10:48 of 1st period - Stopped by Ben Bishop without a rebound. 10:49 of 1st period - Ryan Nugent-Hopkins wins face-off versus Yanni Gourde in PORTLAND PIRATES zone. 10:56 of 1st period - Shot by Victor Olofsson. 10:56 of 1st period - Shot Misses the Net. 11:31 of 1st period - Icing by Rasmus Ristolainen. 11:32 of 1st period - Derek Ryan wins face-off versus Yanni Gourde in PORTLAND PIRATES zone. 12:11 of 1st period - Shot by Derek Ryan. 12:11 of 1st period - Shot Misses the Net. 12:33 of 1st period - Shot by Robert Thomas. 12:33 of 1st period - Stopped by Alex Stalock without a rebound. 12:34 of 1st period - Jonathan Toews wins face-off versus Ryan Nugent-Hopkins in LAS VEGAS LIZARD KINGS zone. 12:51 of 1st period - Shot by Gabriel Landeskog. 12:51 of 1st period - Shot Blocked by Brent Burns. 12:53 of 1st period - Shot by Jonathan Toews. 12:53 of 1st period - Shot Blocked by Brayden McNabb. 13:17 of 1st period - Shot by Gabriel Landeskog. 13:17 of 1st period - Stopped by Alex Stalock with a rebound. 13:24 of 1st period - Icing by Brent Burns. 13:25 of 1st period - Ryan Nugent-Hopkins wins face-off versus Pavel Zacha in LAS VEGAS LIZARD KINGS zone. 13:25 of 1st period - Ryan Nugent-Hopkins is hit by Pavel Zacha. 13:59 of 1st period - Shot by Sean Monahan. 13:59 of 1st period - Stopped by Ben Bishop without a rebound. 14:00 of 1st period - Yanni Gourde wins face-off versus Drake Caggiula in PORTLAND PIRATES zone. 14:09 of 1st period - Shot by Drake Caggiula. 14:09 of 1st period - Deflect By Evan Rodrigues. 14:09 of 1st period - Shot Misses the Net. 14:11 of 1st period - Shot by Mirco Mueller. 14:11 of 1st period - Stopped by Ben Bishop without a rebound. 14:12 of 1st period - Jonathan Toews wins face-off versus Jeff Skinner in PORTLAND PIRATES zone. 14:44 of 1st period - Shot by Gabriel Landeskog. 14:44 of 1st period - Shot Blocked by John Marino. 14:50 of 1st period - Shot by Jeff Skinner. 14:50 of 1st period - Stopped by Ben Bishop without a rebound. 14:51 of 1st period - Ryan Nugent-Hopkins wins face-off versus Pavel Zacha in PORTLAND PIRATES zone. 14:52 of 1st period - Shot by Victor Olofsson. 14:52 of 1st period - Shot Misses the Net. 14:58 of 1st period - Shot by Victor Olofsson. 14:58 of 1st period - Stopped by Ben Bishop without a rebound. 14:59 of 1st period - Ryan Nugent-Hopkins wins face-off versus Rickard Rakell in PORTLAND PIRATES zone. 15:21 of 1st period - Minor Penalty to Rasmus Ristolainen for Hooking. 15:22 of 1st period - Jason Dickinson wins face-off versus Sean Monahan in PORTLAND PIRATES zone. 16:16 of 1st period - Off-side. 16:17 of 1st period - Chandler Stephenson wins face-off versus Ryan Nugent-Hopkins in neutral zone. 16:57 of 1st period - Shot by Ryan Nugent-Hopkins. 16:57 of 1st period - Stopped by Ben Bishop without a rebound. 16:58 of 1st period - Sean Monahan wins face-off versus Jason Dickinson in PORTLAND PIRATES zone. 17:01 of 1st period - Shot by Brent Burns. 17:01 of 1st period - Shot Blocked by Thomas Chabot. 17:03 of 1st period - Shot by Nino Niederreiter. 17:03 of 1st period - Shot Misses the Net. 17:05 of 1st period - Shot by Nino Niederreiter. 17:05 of 1st period - Stopped by Ben Bishop without a rebound. 17:06 of 1st period - Sean Monahan wins face-off versus Jason Dickinson in PORTLAND PIRATES zone. 17:07 of 1st period - Shot by Brent Burns. 17:07 of 1st period - Stopped by Ben Bishop with a rebound. 17:09 of 1st period - Shot by Brent Burns. 17:09 of 1st period - Stopped by Ben Bishop without a rebound. 17:10 of 1st period - Jason Dickinson wins face-off versus Ryan Nugent-Hopkins in PORTLAND PIRATES zone. 17:25 of 1st period - Shot by Barclay Goodrow. 17:25 of 1st period - Shot Hit the Post. 17:38 of 1st period - Shot by Jonathan Toews. 17:38 of 1st period - Shot Misses the Net. 17:40 of 1st period - Shot by Gabriel Landeskog. 17:40 of 1st period - Stopped by Alex Stalock without a rebound. 17:41 of 1st period - Yanni Gourde wins face-off versus Ryan Nugent-Hopkins in LAS VEGAS LIZARD KINGS zone. 18:23 of 1st period - Shot by Chandler Stephenson. 18:23 of 1st period - Shot Misses the Net. 18:25 of 1st period - Shot by Yanni Gourde. 18:25 of 1st period - Stopped by Alex Stalock without a rebound. 18:26 of 1st period - Sean Monahan wins face-off versus Pavel Zacha in LAS VEGAS LIZARD KINGS zone. 18:33 of 1st period - Shot by Nino Niederreiter. 18:33 of 1st period - Stopped by Ben Bishop without a rebound. 18:34 of 1st period - Jonathan Toews wins face-off versus Derek Ryan in PORTLAND PIRATES zone. 18:34 of 1st period - Jonathan Toews is hit by Bobby Ryan. 18:35 of 1st period - Minor Penalty to Barclay Goodrow for Interference. 18:36 of 1st period - Zemgus Girgensons wins face-off versus Jonathan Toews in LAS VEGAS LIZARD KINGS zone. 18:44 of 1st period - Icing by Jonathan Toews. 18:45 of 1st period - Gabriel Landeskog wins face-off versus Zemgus Girgensons in PORTLAND PIRATES zone. 19:13 of 1st period - Shot by Travis Konecny. 19:13 of 1st period - Goal by Travis Konecny - LAS VEGAS LIZARD KINGS : 1 - PORTLAND PIRATES : 2. 19:14 of 1st period - Ryan Nugent-Hopkins wins face-off versus Pavel Zacha in neutral zone. 19:25 of 1st period - Shot by Ryan Nugent-Hopkins. 19:25 of 1st period - Shot Misses the Net. 19:31 of 1st period - Shot by Pavel Zacha. 19:31 of 1st period - Stopped by Alex Stalock without a rebound. 19:32 of 1st period - Jonathan Toews wins face-off versus Derek Ryan in LAS VEGAS LIZARD KINGS zone. 19:32 of 1st period - Jonathan Toews is hit by Matt Roy. 19:33 of 1st period - Minor Penalty to Mirco Mueller for Cross-checking. 19:34 of 1st period - Jonathan Toews wins face-off versus Barclay Goodrow in LAS VEGAS LIZARD KINGS zone. 19:35 of 1st period - Shot by Thomas Chabot. 19:35 of 1st period - Shot Blocked by Barclay Goodrow. 19:37 of 1st period - Shot by Rasmus Ristolainen. 19:37 of 1st period - Stopped by Alex Stalock without a rebound. 19:38 of 1st period - Jonathan Toews wins face-off versus Barclay Goodrow in LAS VEGAS LIZARD KINGS zone. 19:50 of 1st period - Off-side. 19:51 of 1st period - Pavel Zacha wins face-off versus Barclay Goodrow in neutral zone. Goals for this period are 1 for LAS VEGAS LIZARD KINGS vs 2 for PORTLAND PIRATES. Shots for this period are 17 for LAS VEGAS LIZARD KINGS vs 18 for PORTLAND PIRATES. 2nd period 0:01 of 2nd period - Barclay Goodrow wins face-off versus Jonathan Toews in neutral zone. 1:26 of 2nd period - Shot by Robert Thomas. 1:26 of 2nd period - Shot Misses the Net. 2:02 of 2nd period - Shot by Jason Dickinson. 2:02 of 2nd period - Stopped by Alex Stalock without a rebound. 2:03 of 2nd period - Yanni Gourde wins face-off versus Sean Monahan in LAS VEGAS LIZARD KINGS zone. 2:26 of 2nd period - Shot by Brett Connolly. 2:26 of 2nd period - Stopped by Alex Stalock with a rebound. 2:28 of 2nd period - Shot by Brett Connolly. 2:28 of 2nd period - Deflect By Chandler Stephenson. 2:28 of 2nd period - Goal by Chandler Stephenson - LAS VEGAS LIZARD KINGS : 1 - PORTLAND PIRATES : 3. 2:29 of 2nd period - Jonathan T